 Dungeon Crawl Stone Soup version 0.23-a0-49-gd9f7a49 (webtiles) character file.

89 galech the Skirmisher (level 4, -7/41 HPs)
             Began as a Gnoll Wanderer on Aug 7, 2018.
             Mangled by an orc warrior
             ... wielding a +0 scimitar
              (16 damage)
             ... on level 3 of the Dungeon.
             The game lasted 00:02:35 (2178 turns).

galech the Skirmisher (Gnoll Wanderer)              Turns: 2178, Time: 00:02:36

Health: -7/41      AC:  8    Str: 12    XL:     4   Next: 55%
Magic:  8/8        EV:  5    Int: 15    God:
Gold:   140        SH:  0    Dex: 17    Spells: 9/9 levels left

rFire    . . .     SeeInvis .   e - +1 dagger (venom)
rCold    . . .     Gourm    .   (no shield)
rNeg     . . .     Faith    .   o - +0 chain mail
rPois    .         Spirit   .   (no helmet)
rElec    .         Reflect  .   (no cloak)
rCorr    .         Harm     .   (no gloves)
MR       .....                  (no boots)
Stlth    ..........             (no amulet)
HPRegen  0.13/turn              (no ring)
MPRegen  0.11/turn              (no ring)

@: no status effects
A: distributed training, fangs 1, strong nose
a: no special abilities


You were on level 3 of the Dungeon.
You were not hungry.

You visited 1 branch of the dungeon, and saw 3 of its levels.

You collected 140 gold pieces.

Inventory:

Hand Weapons
 a - a +2 hand crossbow
 e - a +1 dagger of venom (weapon)
Missiles
 b - 37 bolts
Armour
 o - a +0 chain mail (worn)
Jewellery
 s - an uncursed ring of fire
Wands
 w - a wand of polymorph (18)
Scrolls
 c - a scroll of teleportation
 j - 3 scrolls of remove curse {unknown}
 k - 2 scrolls of enchant armour {unknown}
 q - a scroll of enchant weapon {unknown}
 t - a scroll of identify {unknown}
 u - a scroll of fear {unknown}
 x - a scroll of noise {unknown}
Potions
 d - 3 potions of lignification
 g - 2 potions of brilliance {unknown}
 h - a potion of might {unknown}
 l - a potion of ambrosia {unknown}
 m - a potion of agility {unknown}
 n - a potion of flight {unknown}
 p - a potion of degeneration {unknown}
 r - a potion of cancellation {unknown}
 v - a potion of haste {unknown}
 z - a potion of mutation {unknown}
 A - a potion of resistance {unknown}
Comestibles
 f - 5 rations
 i - 4 chunks of flesh


   Skills:
 + Level 6.6 Fighting
 + Level 1.1 Short Blades
 + Level 1.1 Long Blades
 + Level 1.1 Axes
 + Level 1.1 Maces & Flails
 + Level 1.1 Polearms
 + Level 1.1 Staves
 + Level 1.1 Slings
 + Level 1.1 Bows
 + Level 4.6 Crossbows
 + Level 2.7 Throwing
 + Level 1.1 Armour
 + Level 1.1 Dodging
 + Level 1.1 Stealth
 + Level 1.1 Shields
 + Level 1.1 Unarmed Combat
 + Level 3.0 Spellcasting
 + Level 0.9 Conjurations
 + Level 0.9 Hexes
 + Level 0.9 Charms
 + Level 0.9 Summonings
 + Level 0.9 Necromancy
 + Level 0.9 Translocations
 + Level 3.8 Transmutations
 + Level 0.9 Fire Magic
 + Level 0.9 Ice Magic
 + Level 0.9 Air Magic
 + Level 0.9 Earth Magic
 + Level 0.9 Poison Magic
 + Level 1.2 Invocations
 + Level 2.7 Evocations


You had 9 spell levels left.
You didn't know any spells.
Your spell library contained the following spells:

 Spells                   Type           Power        Failure   Level  Hunger
 Magic Dart               Conj           #...         99%         1    #......


Dungeon Overview and Level Annotations

Branches:
Dungeon (3/15)

Altars:
Ashenzari
Kikubaaqudgha
Sif Muna
Vehumet
Xom


Innate Abilities, Weirdness & Mutations

Your experience applies equally to all skills.
You have very sharp teeth.
Your uncanny sense of smell can sniff out nearby items.


Message History

The orc warrior hits you with a scimitar!
You are too injured to fight recklessly!
You are too injured to fight recklessly!
You are too injured to fight recklessly!
You are too injured to fight recklessly!
You are too injured to fight recklessly!
You are too injured to fight recklessly!
You are too injured to fight recklessly!
You are too injured to fight recklessly!
You are too injured to fight recklessly!
You are too injured to fight recklessly!
You are too injured to fight recklessly!
You are too injured to fight recklessly!
You are too injured to fight recklessly!
The orc warrior hits you with a scimitar!
* * * LOW HITPOINT WARNING * * *
The orc warrior looks more healthy.
You see here a scale mail.
The orc warrior hits you with a scimitar!
You die...

.......#
#.# #...
.......#
#.# ####
....####
#.#
....#######
#.#
...>......#
#.#
#...####..#
#.# #...#
#..## #.#
#...#
#...### #o#
#...#
#.....# #@#
#####
###...# #.#
##..# #.#
####..###.#
#.........#
#.##......#
# ##.....#
###.....# ∆
........#


You could see an orc warrior.

Vanquished Creatures
  Jessica (D:2)
  An adder (D:3)
  A worm (D:2)
  A dart slug (D:1)
  2 leopard geckos
  2 ball pythons
  5 bats (D:1)
  3 giant cockroaches
  6 goblins (D:1)
  3 hobgoblins
  5 jackals
  3 kobolds (D:1)
  2 quokkas
  3 frilled lizards
  5 rats
43 creatures vanquished.

Notes
Turn   | Place    | Note
-------+----------+-------------------------------------------
     0 | D:1      | galech the Gnoll Wanderer began the quest for the Orb.
     0 | D:1      | galech set off with: a +2 hand crossbow, 20 bolts, a scroll of teleportation, a potion of lignification, a +0 robe, a ration
     0 | D:1      | Reached XP level 1. HP: 23/23 MP: 4/4
   120 | D:1      | Reached XP level 2. HP: 29/29 MP: 5/5
   427 | D:1      | Reached XP level 3. HP: 35/35 MP: 7/7
   915 | D:2      | Noticed Jessica
   925 | D:2      | Killed Jessica
   925 | D:2      | Reached skill level 1 in Short Blades
   925 | D:2      | Reached skill level 1 in Long Blades
   925 | D:2      | Reached skill level 1 in Axes
   925 | D:2      | Reached skill level 1 in Maces & Flails
   925 | D:2      | Reached skill level 1 in Polearms
   925 | D:2      | Reached skill level 1 in Staves
   925 | D:2      | Reached skill level 1 in Slings
   925 | D:2      | Reached skill level 1 in Bows
   925 | D:2      | Reached skill level 1 in Armour
   925 | D:2      | Reached skill level 1 in Dodging
   925 | D:2      | Reached skill level 1 in Stealth
   925 | D:2      | Reached skill level 1 in Shields
   925 | D:2      | Reached skill level 1 in Unarmed Combat
   925 | D:2      | Reached skill level 1 in Invocations
   925 | D:2      | Reached XP level 4. HP: 19/41 MP: 8/8
  1131 | D:2      | Found a shimmering altar of Xom.
  1367 | D:2      | Found a radiant altar of Vehumet.
  1369 | D:2      | Identified Vehumet's Catalogue of Confrontation
  1372 | D:2      | Found an ancient bone altar of Kikubaaqudgha.
  1373 | D:2      | Found a deep blue altar of Sif Muna.
  1898 | D:3      | Found a shattered altar of Ashenzari.
  2142 | D:3      | Noticed an orc warrior
  2178 | D:3      | Mangled by an orc warrior

Vault maps used:
D:1:      dpeg_arrival_shelter
D:2:      grunt_temple_overflow_magic_moments, marbit_many_paths, first_ration,
          uniq_jessica
D:3:      ashenzari_conservatory_becter

Skill      XL: |  1  2  3  4 |
---------------+-------------+-----
Short Blades   | 1 |  1.1
Long Blades    | 1 |  1.1
Axes           | 1 |  1.1
Maces & Flails | 1 |  1.1
Polearms       | 1 |  1.1
Staves         | 1 |  1.1
Slings         | 1 |  1.1
Bows           | 1 |  1.1
Armour         | 1 |  1.1
Dodging        | 1 |  1.1
Stealth        | 1 |  1.1
Shields        | 1 |  1.1
Unarmed Combat | 1 |  1.1
Invocations    | 1 |  1.2
Spellcasting   | 3 |  3.0
Fighting       | |  6.6
Crossbows      | |  4.6
Throwing       | |  2.7
Conjurations   | |  0.9
Hexes          | |  0.9
Charms         | |  0.9
Summonings     | |  0.9
Necromancy     | |  0.9
Translocations | |  0.9
Transmutations | |  3.8
Fire Magic     | |  0.9
Ice Magic      | |  0.9
Air Magic      | |  0.9
Earth Magic    | |  0.9
Poison Magic   | |  0.9
Evocations     | |  2.7

Action                   |  1- 3 |  4- 6 || total
-------------------------+-------+-------++-------
Melee: Dagger            |    20 |    64 ||    84
       Bite              |     4 |     3 ||     7
 Fire: Hand crossbow     |    38 |       ||    38
  Eat: Chunk             |       |     4 ||     4
Armor: Robe              |     8 |       ||     8
       Chain mail        |     4 |    33 ||    37
Dodge: Dodged            |    17 |    11 ||    28

Table legend:
 A = Spawn XP
 B = Non-spawn XP
 C = Spawn XP percentage of total XP
 D = Spawn monster count
 E = Non-spawn monster count
 F = Spawn count percentage of total count
 G = Total turns spent on level
                    A         B        C        D         E        F      G
               +---------+---------+-------+---------+---------+-------+---------
         Total |       0 |     128 |   0.0 |       0 |      43 |   0.0 |  2178
               +---------+---------+-------+---------+---------+-------+---------
           D:1 |       0 |      46 |   0.0 |       0 |      25 |   0.0 |   915
           D:2 |       0 |      63 |   0.0 |       0 |      13 |   0.0 |   946
           D:3 |       0 |      19 |   0.0 |       0 |       5 |   0.0 |   317
               +---------+---------+-------+---------+---------+-------+---------
